AoeStats
← Horizon

Black Forest

508498588Analyzed
4v4 RM · 10d ago on Sep 22, 2026· 52m 20s· 8 players
Game mode
Random Map
Map size
Large (8 player)
Population
200
Speed
Normal
Resources
Standard
Victory
Conquest
Starting age
Dark Age
Ending age
Imperial Age
RankedLock teamsTeams togetherTeam positionsShared explorationLock speedFull tech treeHidden civsTurbo modeCheats
Victory
Defeat
🇵🇰 Bohemians · Pakistan
1501
+11
🇹🇷 Turks · Türkiye
1426
+14
🇩🇪 Varangians · Germany
1391
+15
🇲🇽 Danes · Mexico
1311
+18
🇮🇹 Mongols · Italy
1401
-16
🇦🇹 Burgundians · Austria
1387
-15
🇦🇹 Britons · Austria
1361
-14
🇮🇹 Goths · Italy
1345
-13
Mike Hawks Veiny
5:06 Double-Bit Axe
11:13 Feudal Age
14:44 Castle Age
13:59 Bow Saw
15:40 Fishing Lines
17:05 Loom
17:40 Horse Collar
20:02 Gillnets
21:51 Wheelbarrow
26:05 Hand Cart
30:02 Imperial Age
27:36 Husbandry
27:29 Town Watch
27:52 Cavalier
29:00 Scale Barding Armor
30:07 Chain Barding Armor
30:06 Paladin
31:10 Heavy Plow
32:08 Plate Barding Armor
31:45 Forging
31:44 Elite Coustillier
32:33 Gold Mining
33:17 Crop Rotation
33:44 Conscription
33:33 Light Cavalry
35:02 Iron Casting
34:56 Hussar
38:15 Hoardings
42:50 Caravan
44:26 Two-Man Saw
44:04 Gold Shaft Mining
44:51 Coinage
45:53 Blast Furnace
46:04 Ballistics
46:45 Chemistry
45:59 Masonry
45:32 Treadmill Crane
46:02 Masonry
48:07 Squires
48:09 Scale Mail Armor
48:26 Flemish Revolution
49:49 Chain Mail Armor
Wendysocute
9:23 Loom
11:15 Feudal Age
12:50 Double-Bit Axe
15:13 Castle Age
14:44 Horse Collar
22:32 Wheelbarrow
25:13 Heavy Plow
28:36 Imperial Age
27:34 Anarchy
27:43 Squires
27:48 Scale Mail Armor
27:58 Forging
28:41 Hand Cart
30:13 Crop Rotation
29:54 Gold Mining
30:45 Conscription
30:34 Perfusion
30:17 Pikeman
31:28 Chain Mail Armor
31:49 Iron Casting
31:20 Halberdier
33:56 Elite Huskarl
35:48 Blast Furnace
34:54 Stone Mining
35:25 Man-at-Arms
Mike Hawks Krusty
1:39 Loom
1:45 Loom
13:10 Feudal Age
17:30 Castle Age
15:16 Horse Collar
16:00 Double-Bit Axe
16:40 Stone Mining
17:45 Fletching
18:50 Bow Saw
21:58 Bodkin Arrow
22:09 Gold Mining
22:48 Padded Archer Armor
25:22 Yeomen
25:20 Leather Archer Armor
27:14 Ballistics
40:16 Imperial Age
43:21 Chemistry
43:28 Bracer
44:19 Conscription
49:25 Elite Longbowman
511
9:52 Feudal Age
13:41 Castle Age
12:37 Double-Bit Axe
13:15 Loom
15:06 Scale Barding Armor
30:10 Forging
33:38 Wheelbarrow
38:46 Imperial Age
36:47 Gold Mining
37:21 Hand Cart
38:09 Bow Saw
38:38 Gold Shaft Mining
38:49 Onager
40:15 Siege Engineers
41:28 Drill
41:44 Capped Ram
45:09 Chemistry
45:07 Siege Onager
47:05 Caravan
47:52 Siege Ram
derschulerin
1:57 Loom
11:01 Feudal Age
15:47 Castle Age
13:56 Double-Bit Axe
16:19 Horse Collar
18:17 Wheelbarrow
18:01 Bow Saw
24:40 Gold Mining
25:47 Heavy Plow
26:05 Forging
26:58 Gold Shaft Mining
27:00 Scale Mail Armor
28:06 Iron Casting
29:02 Squires
28:48 Gambesons
29:35 Chain Mail Armor
33:55 Imperial Age
31:41 Hand Cart
31:27 Arson
31:34 Fletching
31:47 Pikeman
32:27 Hamask
34:05 Elite Varangian Guard
35:46 Blast Furnace
35:17 Plate Mail Armor
37:23 Bodkin Arrow
37:10 Halberdier
38:32 Bracer
38:59 Conscription
40:04 Stone Mining
39:46 Elite Jomsviking
39:50 Northmen's Fury
41:44 Chemistry
40:50 Siege Engineers
41:06 Ballistics
43:09 Town Watch
43:28 Caravan
45:20 Masonry
47:48 Elite Jomsviking
49:15 Man-at-Arms
Haider_435
8:05 Loom
11:12 Feudal Age
15:56 Castle Age
15:40 Double-Bit Axe
16:21 Horse Collar
17:25 Bow Saw
17:25 Fishing Lines
24:14 Gold Mining
25:42 Stone Mining
26:30 Wheelbarrow
27:07 Gillnets
31:08 Imperial Age
28:57 Bloodlines
29:23 Scale Barding Armor
29:43 Forging
30:59 Chain Barding Armor
31:00 Hand Cart
31:06 Husbandry
31:27 Heavy Plow
31:13 Cavalier
32:29 Plate Barding Armor
32:09 Vendel Legacy
33:11 Conscription
34:13 Stone Shaft Mining
34:33 Iron Casting
33:58 Scale Mail Armor
34:15 Squires
34:01 Gambesons
34:01 Arson
36:13 Blast Furnace
36:13 Chain Mail Armor
35:37 Light Cavalry
36:03 Elite Jarl
40:14 Coinage
39:11 Hussar
41:13 Banking
45:02 Caravan
Anatoly
7:43 Loom
13:09 Feudal Age
17:59 Castle Age
16:43 Double-Bit Axe
23:57 Imperial Age
23:07 Padded Archer Armor
23:27 Horse Collar
23:40 Gold Mining
25:06 Leather Archer Armor
26:14 Bow Saw
30:52 Fletching
31:33 Ring Archer Armor
34:14 Bodkin Arrow
35:16 Conscription
36:55 Caravan
39:42 Heavy Camel Rider
40:23 Husbandry
40:29 Scale Barding Armor
40:35 Forging
43:34 Chain Barding Armor
45:55 Iron Casting
47:58 Plate Barding Armor
48:51 Artillery
52:04 Bloodlines
Horizon
0:39 Loom
11:11 Feudal Age
11:48 Double-Bit Axe
11:28 Man-at-Arms
27:00 Castle Age
24:50 Horse Collar
25:19 Fishing Lines
29:16 Wheelbarrow
30:15 Town Watch
33:35 Imperial Age
32:16 Pikeman
32:56 Squires
33:19 Scale Mail Armor
33:30 Forging
33:43 Padded Archer Armor
35:33 Chemistry
35:29 Heavy Plow
35:47 Chain Mail Armor
35:47 Bow Saw
35:38 Houfnice
41:15 Leather Archer Armor
43:53 Hand Cart
Connection lost

Rejoining the realm…

Still unreachable

The connection could not be restored.

Session expired

The server has moved on; the page needs a fresh start.